Cogmind - Beta 14 @@@ ROGUE MODE // 2025.03.04 @ 15:04:59 Player: WetterLettuce Result: Destroyed by B-99 Colossus with Multirail Performance ------------- Evolutions (9) 4500 Regions Visited (24) 4800 Robots Destroyed (203) 1015 Value Destroyed (9230) 9230 Prototype IDs (60) 1200 Alien Tech Used (2) 400 Bonus (6644) 6644 TOTAL SCORE: 27789 Bonus ------- High Alert Combat Kills 1042 Follower Combat Kills 32 Aligned with FarCom 300 Met Zhirov 300 Met Warlord at Base 500 MAIN.C Attacked Warlord 500 Met Warlord at Research 2000 Invited to Help at Command 2000 Friendly Fire -30 Cogmind --------- Core Integrity 0/1600 Matter 290/300 Energy 92/100 System Corruption 20% Temperature Cool (0) Movement Core (100) Ox1 Location -1/Access Parts ------- > --- POWER (2) -------- (None) > --- PROPULSION (6) --- (None) > --- UTILITY (11) ----- Improved Armor Integrity Analyzer Hacking Suite > --- WEAPON (6) ------- Force Lance > --- INVENTORY (5) ---- Experimental Heat Sink Advanced Quantum Shading Machine Trap Reconfigurator Enhanced Nova Cannon KE Penetrator Peak State ------------ > --- POWER ------------ Light Quantum Reactor Improved Quantum Reactor > --- PROPULSION ------- Enhanced Biometal Leg Enhanced Biometal Leg Enhanced Biometal Leg Centrium Leg High-density Centrium Leg High-density Centrium Leg > --- UTILITY ---------- Experimental Heat Sink Advanced Targeting Computer Experimental Targeting Computer Improved Armor Integrity Analyzer Experimental Reaction Control System Advanced Phase Shifter Centrium Light Armor Plating Hacking Suite Advanced Hacking Suite Improved System Shield Advanced System Shield > --- WEAPON ----------- Gamma Rifle Enhanced Quantum Rifle Enhanced Quantum Rifle Helical Railgun Helical Railgun Micro-nuke Launcher > --- INVENTORY -------- Experimental Heat Sink Advanced Quantum Shading Machine Improved Medium Armor Plating Trap Reconfigurator [Rating: 200] Favorites ----------- Power Light Fission Core Engine Deuterium Engine Power Core Light Fission Core Reactor Improved Quantum Reactor Propulsion Armored Treads Treads Armored Treads Leg Enhanced Biometal Leg Hover Unit Antigrav Array Flight Unit Cooled Nuclear Pulse Thruster Utility Hacking Suite Device Advanced Heat Sink Storage Medium Storage Unit Processor Advanced Targeting Computer Hackware Hacking Suite Protection Improved Light Armor Plating Weapon Enhanced Quantum Rifle Energy Gun Enhanced Quantum Rifle Energy Cannon Ion Cannon Ballistic Gun Coil Gun Ballistic Cannon Flak Cannon Launcher Rocket Array Impact Weapon Great Maul Piercing Weapon Force Lance Build | -11 -10 -10 -10 -9 -8 -7 -7 -6 -5 -5 -5 -5 -4 -4 -4 -4 -4 -4 -4 -3 -3 -3 -2 -1 ------- Run | Yrd Mat Min Exi Min Mat Fac Sto Fac Fac Upp Upp Zhi Pro Fac Was Fac Upp Upp War Pro Res Arm Res Acc Slots Evolved 18 | . . . . . 4 2 . 2 2 . . . . 2 . . . . . . 2 . 2 2 Power 1 | . . . . . . . . . . . . . . . . . . . . . . . 1 . Propulsion 4 | . . . . . 1 . . . . . . . . 2 . . . . . . 1 . . . Utility 9 | . . . . . 2 1 . 2 1 . . . . . . . . . . . 1 . 1 1 Weapon 4 | . . . . . 1 1 . . 1 . . . . . . . . . . . . . . 1 Parts Attached 239 | 6 5 5 . . 35 2 8 21 8 4 3 12 2 6 . 9 9 1 3 3 18 17 46 16 Power 22 | 1 . . . . 3 . . 2 . . . 4 . 1 . . 1 . . . 3 1 5 1 Engine 3 | 1 . . . . 2 . . . . . . . . . . . . . . . . . . . Core 9 | . . . . . 1 . . 2 . . . 3 . 1 . . 1 . . . . 1 . . Reactor 10 | . . . . . . . . . . . . 1 . . . . . . . . 3 . 5 1 Propulsion 67 | 2 4 2 . . 12 . 1 4 2 1 . 4 . 1 . 3 2 . . 1 5 5 15 3 Treads 15 | . . . . . 6 . 1 4 2 1 . 1 . . . . . . . . . . . . Leg 31 | 2 4 2 . . 5 . . . . . . . . . . 2 . . . . . . 13 3 Wheel . | . . . . . . . . . . . . . . . . . . . . . . . . . Hover 1 | . . . . . . . . . . . . . . . . . . . . . 1 . . . Flight 20 | . . . . . 1 . . . . . . 3 . 1 . 1 2 . . 1 4 5 2 . Utility 79 | 1 1 . . . 8 1 4 9 3 . 1 3 1 2 . 2 3 1 . . 8 6 17 8 Device 33 | . . . . . 4 . 2 3 1 . . . 1 1 . . 1 . . . 2 5 9 4 Storage 2 | 1 . . . . 1 . . . . . . . . . . . . . . . . . . . Processor 14 | . 1 . . . 1 1 . 1 1 . . . . . . . 2 . . . 1 . 4 2 Hackware 14 | . . . . . . . . . 1 . 1 1 . 1 . 2 . . . . 5 1 2 . Protection 16 | . . . . . 2 . 2 5 . . . 2 . . . . . 1 . . . . 2 2 Artifact . | . . . . . . . . . . . . . . . . . . . . . . . . . Weapon 71 | 2 . 3 . . 12 1 3 6 3 3 2 1 1 2 . 4 3 . 3 2 2 5 9 4 Energy Gun 18 | . . 1 . . 2 . . . . 2 . . . 2 . . 2 . 1 1 2 1 3 1 Energy Cannon 7 | . . . . . 2 . . . 3 . 1 . . . . . . . 1 . . . . . Ballistic Gun 25 | 2 . 2 . . 5 1 1 6 . . 1 . . . . . . . . 1 . . 4 2 Ballistic Cannon 2 | . . . . . 2 . . . . . . . . . . . . . . . . . . . Launcher 16 | . . . . . . . 2 . . 1 . 1 1 . . 4 1 . 1 . . 3 2 . Special Weapon . | . . . . . . . . . . . . . . . . . . . . . . . . . Impact Weapon 2 | . . . . . 1 . . . . . . . . . . . . . . . . 1 . . Slashing Weapon . | . . . . . . . . . . . . . . . . . . . . . . . . . Piercing Weapon 1 | . . . . . . . . . . . . . . . . . . . . . . . . 1 Special Melee Weapon . | . . . . . . . . . . . . . . . . . . . . . . . . . Unidentified Prototypes 28 | . . . . . 2 . 2 . . . . 5 . 1 . 1 . . 3 . 3 1 7 3 Corrupted Parts 4 | . . . . . 1 . . . . . . . . . . . . . . . . . 3 . System Corruption 27 | . . . . . 3 . . . . . . . . . . . . . . . . . 24 . Parts Lost 87 | . . 1 . . 9 . 2 8 4 3 1 . 1 . . 3 7 . 1 5 1 14 . 27 Power 9 | . . . . . 1 . . 2 . . . . . . . . 1 . 1 . . 1 . 3 Propulsion 21 | . . . . . 3 . 1 1 1 . . . . . . 1 3 . . 2 . 4 . 5 Utility 30 | . . . . . 1 . 1 3 1 1 . . . . . 1 3 . . 3 1 4 . 11 Weapon 27 | . . 1 . . 4 . . 2 2 2 1 . 1 . . 1 . . . . . 5 . 8 Highest Loss Streak 23 | . . 1 . . 8 . 1 5 3 1 1 . 1 . . 2 5 . 1 5 1 8 . 23 To Critical Strikes 1 | . . . . . . . . . . . . . . . . . . . . . . . . 1 Average Slot Usage (%) 87 | . 99 100 100 100 93 100 99 95 88 92 92 90 79 78 78 76 64 50 56 48 60 68 91 84 Engine 2 | . 14 14 14 14 5 7 7 4 . . . . . . . . . . . . . . . . Core 2 | . . . . . 2 . . . 5 5 5 4 . 4 5 5 4 5 4 . . . 1 . Reactor 1 | . . . . . . . . . . . . . . . . . . . . . 2 3 5 6 Treads 8 | . . . . . 11 23 22 19 14 17 17 12 . . . . . . . . . . . . Leg 8 | . 28 28 28 28 12 . . . . . . . . . . 6 6 . . . . . 19 20 Flight 3 | . . . . . . . . . . . . 2 17 21 21 16 10 10 10 8 11 17 3 . Device 7 | . . . . . 11 7 7 9 6 11 11 9 8 10 10 6 2 . . . 1 5 9 9 Storage 4 | . 14 14 14 14 9 7 7 6 5 5 5 4 . . . . . . . . . . . . Processor 11 | . 13 14 14 14 9 15 15 15 11 11 11 11 11 10 10 10 12 15 15 13 10 4 10 9 Hackware 9 | . . . . . . . . . 4 5 9 12 17 20 21 24 24 15 15 14 20 25 18 14 Protection 4 | . . . . . 4 7 6 10 8 4 . 1 5 . . . . 3 5 3 . . 2 5 Energy Gun 4 | . . 7 . . 4 . . . . 6 8 5 5 6 10 6 1 . 4 5 8 7 10 7 Energy Cannon 3 | . . . . . 3 7 7 3 7 11 8 10 3 . . . . . . . . . . . Ballistic Gun 9 | . 28 20 28 28 10 15 14 18 18 4 4 5 5 3 . . . . . . . . 5 6 Ballistic Cannon 1 | . . . . . 6 7 7 2 . . . . . . . . . . . . . . . . Launcher 1 | . . . . . . . . . . 4 5 3 1 . . . . . . . . . . 3 Peak Build Rating 200 | 6 7 7 8 8 29 33 39 57 69 77 73 87 78 82 77 88 86 42 63 48 116 132 183 200 Average Rating 72 | 4 6 6 7 8 21 32 34 48 64 74 70 70 72 74 76 73 57 41 44 38 83 101 149 163 On Entrance 51 | . 6 7 7 8 8 29 33 34 57 69 69 70 69 75 76 77 79 39 42 40 29 116 66 183 Naked Turns . | . . . . . . . . . . . . . . . . . . . . . . . . . Heaviest Build 88 | 13 13 13 12 12 42 44 49 67 71 71 50 56 17 19 19 26 14 8 12 14 26 42 75 88 Greatest Support 168 | 20 20 20 20 20 60 60 60 68 70 74 74 81 27 22 22 31 60 10 13 15 44 47 168 122 Greatest Overweight (x) 15 | 3 . . . . . . . 1 1 . . 15 . 4 . 1 1 . 3 1 . 1 . 1 Average Overweight (x) . | . . . . . . . . . . . . . . . . . . . . . . . . . Largest Inventory Capacity 10 | 8 8 8 8 8 10 10 10 10 10 10 10 10 5 5 5 5 5 5 5 5 5 5 5 5 Average Capacity 7 | 7 8 8 8 8 8 10 10 10 10 10 10 9 5 5 5 5 5 5 5 5 5 5 5 5 Most Carried 10 | 2 8 8 8 8 10 9 10 10 10 10 10 10 5 5 5 5 5 5 5 5 5 5 5 5 Average Carried 6 | 1 5 7 7 8 7 8 9 9 9 9 8 7 4 4 5 4 4 5 4 4 4 3 4 3 Final Capacity 10 | 8 8 8 8 8 10 10 10 10 10 10 10 5 5 5 5 5 5 5 5 5 5 5 5 5 Final Carried 10 | 2 8 8 8 8 10 8 10 10 10 10 8 5 5 5 5 4 5 5 5 5 5 1 5 5 Class Distribution -------------------- 36% | Scavenger-Gunner 13% | Scavenger-Skirmisher 11% | Mutant 9% | Hacker-Sprinter 8% | Hacker-Mutant 5% | Skirmisher 5% | Scavenger-Executioner 3% | Wizard-Sprinter Dominant Class ---------------- Mutant | -10/Materials Mutant | -10/Mines Mutant | -10/Exiles Mutant | -9/Mines Skirmisher | -8/Materials Scavenger-Skirmisher | -7/Factory Scavenger-Skirmisher | -7/Storage Scavenger-Gunner | -6/Factory Scavenger-Gunner | -5/Factory Scavenger-Gunner | -5/Upper Caves Scavenger-Gunner | -5/Upper Caves Scavenger-Gunner | -5/Zhirov Hacker-Sprinter | -4/Proximity Caves Hacker-Sprinter | -4/Factory Hacker-Sprinter | -4/Waste Hacker-Mutant | -4/Factory Hacker-Mutant | -4/Upper Caves Hacker-Sprinter | -4/Upper Caves Hacker-Sprinter | -4/Warlord Hacker-Sprinter | -3/Proximity Caves Wizard-Sprinter | -3/Research Wizard-Sprinter | -3/Armory Scavenger-Gunner | -2/Research Scavenger-Executioner | -1/Access Resources | -11 -10 -10 -10 -9 -8 -7 -7 -6 -5 -5 -5 -5 -4 -4 -4 -4 -4 -4 -4 -3 -3 -3 -2 -1 ----------- Run | Yrd Mat Min Exi Min Mat Fac Sto Fac Fac Upp Upp Zhi Pro Fac Was Fac Upp Upp War Pro Res Arm Res Acc Matter Collected 5281 | 177 88 73 . . 846 123 321 789 434 231 158 . 106 20 . 5 320 64 34 . 59 224 691 518 Remotely . | . . . . . . . . . . . . . . . . . . . . . . . . . Salvage Created 8149 | . 256 40 . . 996 123 511 957 930 578 489 . 80 20 . 20 107 . . 33 59 666 520 1764 Parts 417 | . 18 3 . . 74 3 25 32 50 29 17 . 3 1 . 4 11 . . 1 7 40 15 84 Haulers Intercepted 4 | . . . . . 2 . 1 . . . . . . . . . . . . . . . . 1 Recyclers Shooed 5 | . . . . . . . . 1 3 . . . . . . . . . . . . . . 1 Parts Field Recycled . | . . . . . . . . . . . . . . . . . . . . . . . . . Retrieved Matter . | . . . . . . . . . . . . . . . . . . . . . . . . . Parts Self-Destructed 41 | . . . . . . . . . . 21 12 . 1 . . . 7 . . . . . . . Prevented 5 | . . . . . . . . . . 1 2 . . . . . . . . 2 . . . . Kills | -11 -10 -10 -10 -9 -8 -7 -7 -6 -5 -5 -5 -5 -4 -4 -4 -4 -4 -4 -4 -3 -3 -3 -2 -1 ------- Run | Yrd Mat Min Exi Min Mat Fac Sto Fac Fac Upp Upp Zhi Pro Fac Was Fac Upp Upp War Pro Res Arm Res Acc Combat Hostiles Destroyed 165 | . 6 3 . . 19 3 9 17 11 21 11 . 5 . . . 6 . . 1 . 23 9 21 Melee 1 | . . . . . . . . . . . . . . . . . . . . . . . . 1 Guns 88 | . 6 3 . . 10 2 3 13 9 5 5 . 1 . . . 2 . . 1 . 8 6 14 Cannons 25 | . . . . . 8 1 5 4 2 3 1 . 1 . . . . . . . . . . . AOE 47 | . . . . . . . . . . 12 4 . 3 . . . 4 . . . . 15 3 6 Classes Destroyed 21 | . 4 . . . 6 . 1 1 1 . 1 . . . . . . . . . . 3 3 1 Worker 12 | . . . . . 2 . 2 1 1 . . . . . . . . . . . . . . 6 Builder 6 | . 1 . . . 4 . . . . . . . . . . . . . . . . . . 1 Hauler 4 | . . . . . 2 . 1 . . . . . . . . . . . . . . . . 1 Recycler 2 | . . . . . . . . . 1 . . . . . . . . . . . . . . 1 Operator 6 | . . . . . . . . 1 . . . . . 1 . 1 . . . . 2 1 . . Watcher 8 | . 1 . . . 3 . . 1 1 . . . . . . . . . . . . 1 . 1 Swarmer 48 | . 1 3 . . 3 . . 3 . 12 3 . 5 . . . 5 . . 1 . 9 3 . Cutter 2 | . . . . . . . . . . . . . . . . . . . . . . 2 . . Saboteur 1 | . . . . . . . . . . . . . . . . . . . . . . 1 . . Grunt 56 | . 5 . . . 7 2 4 9 3 4 5 . . . . . . . . . . 4 . 13 Brawler 2 | . . . . . 1 . . 1 . . . . . . . . . . . . . . . . Duelist 1 | . . . . . . . . . . . . . . . . . . . . . . . . 1 Sentry 14 | . . . . . 5 1 3 1 1 1 1 . . . . . . . . . . 1 . . Demolisher 1 | . . . . . . . . . . . . . . . . . . . . . . . 1 . Specialist 2 | . . . . . . . . . . . . . . . . . . . . . . 2 . . Hunter 20 | . . . . . 2 . 1 1 4 3 1 . . . . . . . . . . 3 3 2 Programmer 13 | . . . . . . . 1 1 3 1 . . . . . . 1 . . . . 1 . 5 Heavy 2 | . . . . . 1 . . 1 . . . . . . . . . . . . . . . . Behemoth 1 | . . . . . . . . . . . 1 . . . . . . . . . . . . . Striker 1 | . . . . . . . . . . . . . . . . . . . . . . . 1 . Executioner 1 | . . . . . . . . . . . . . . . . . . . . . . . 1 . Best Kill Streak 12 | . 3 3 . . 4 2 3 4 4 7 5 . 5 1 . 1 4 . . 1 1 10 4 12 Combat Bots Only 10 | . 2 3 . . 3 2 2 4 4 7 5 . 5 . . . 4 . . 1 . 10 4 9 Max Kills in Single Turn 4 | . 1 1 . . 2 1 2 1 1 3 3 . 4 1 . 1 2 . . 1 1 4 3 3 Gunslinging 1 | . . . . . . . . . . . . . . . . . . . . . . 1 . . Exploded 4 | . . . . . . . . . . 3 3 . 3 . . . 2 . . . . 4 3 3 Melee 1 | . . . . . . . . . . . . . . . . . . . . . . . . 1 Uniques/NPCs Destroyed . | . . . . . . . . . . . . . . . . . . . . . . . . . Combat | -11 -10 -10 -10 -9 -8 -7 -7 -6 -5 -5 -5 -5 -4 -4 -4 -4 -4 -4 -4 -3 -3 -3 -2 -1 -------- Run | Yrd Mat Min Exi Min Mat Fac Sto Fac Fac Upp Upp Zhi Pro Fac Was Fac Upp Upp War Pro Res Arm Res Acc Hostile Shots Fired 1604 | . 35 32 . . 97 38 109 136 68 69 36 . 18 . . 22 76 . 27 19 23 159 119 521 Missed 708 | . 6 4 . . 28 17 39 53 21 18 10 . 11 . . 9 44 . 19 8 13 84 73 251 Damage Taken 17827 | . 320 232 . . 1498 204 710 1694 835 908 534 . 148 . . 363 584 . 149 242 262 2040 1874 5230 Core 3983 | . 84 29 . . 202 6 65 49 70 48 45 . 27 . . 116 210 . 37 94 94 750 451 1606 Absorbed by Shields 480 | . . . . . . . . . . . . . . . . . . . . . . 79 . 401 Redirected to Shielding 17 | . . . . . . . . . . . . . 17 . . . . . . . . . . . Regen/Repaired (Parts) 39 | . . . . . . . . . . . . . . . . . . . 39 . . . . . Core Remaining (%) 70 | 100 . . . 54 63 . 89 94 . . . . 73 . . . . . . 60 . 35 68 . Volleys Fired 370 | . 27 10 . . 75 8 23 43 25 24 16 . 2 9 . 4 12 . . 13 6 28 15 30 Largest 5 | . 2 2 . . 3 4 4 4 5 5 5 . 4 2 . 3 1 . . 1 2 3 5 5 Hottest 314 | . 40 70 . . 132 147 147 164 178 310 314 . 199 163 . 208 88 . . 45 134 179 282 281 Shots Fired 1114 | . 54 19 . . 207 32 89 166 113 75 58 . 7 19 . 10 11 . . 13 7 50 61 123 Gun 814 | . 54 19 . . 122 16 44 118 88 42 35 . 4 19 . 8 9 . . 13 7 40 59 117 Cannon 268 | . . . . . 85 16 45 48 25 28 19 . 2 . . . . . . . . . . . Launcher 32 | . . . . . . . . . . 5 4 . 1 . . 2 2 . . . . 10 2 6 Special . | . . . . . . . . . . . . . . . . . . . . . . . . . Kinetic 640 | . 54 11 . . 144 24 66 138 88 11 9 . 2 6 . . . . . 2 . . 25 60 Thermal 385 | . . 8 . . 36 8 23 28 25 47 42 . 4 13 . 8 9 . . 10 7 27 34 56 Explosive 25 | . . . . . . . . . . 5 4 . 1 . . 2 2 . . . . 3 2 6 Electromagnetic 43 | . . . . . 27 . . . . 12 3 . . . . . . . . . . . . 1 Entropic 21 | . . . . . . . . . . . . . . . . . . . . 1 . 20 . . Robot Hit Streak 20 | . 5 4 . . 8 12 13 20 16 20 19 . 2 3 . 5 8 . . 2 3 6 9 8 Robot Miss Streak 7 | . 5 2 . . 6 3 4 6 4 4 3 . 1 1 . 1 2 . . 2 1 3 7 3 Penetration Max 3 | . . . . . . . . 1 1 . . . . . . . . . . . . 3 1 2 Secondary Targets 7 | . . . . . . . . . . . . . . . . . . . . . . 2 2 3 Max Gunslinging Chain 1 | . . . . . . . . . . . . . . . . . . . . . . 1 1 1 Shots Hit Robots 647 | . 27 10 . . 114 22 55 98 69 50 36 . 2 12 . 3 9 . . 4 5 28 29 74 Core Hits 481 | . 16 4 . . 82 13 40 55 35 51 30 . 5 3 . 8 6 . . 3 4 44 17 65 Critical Kills 6 | . . . . . 1 . 1 1 1 1 . . . . . . . . . . . . . 1 Critical Parts Destroyed 6 | . . . . . . . . 1 3 . . . . . . . . . . . . 2 . . Critical Strikes 19 | . . 1 . . 3 . 1 2 4 3 2 . . . . . . . . . . 2 . 1 Burn 5 | . . 1 . . 1 . . . . 1 2 . . . . . . . . . . . . . Meltdown 2 | . . . . . 1 . 1 . . . . . . . . . . . . . . . . . Destroy 9 | . . . . . . . . 2 4 2 . . . . . . . . . . . . . 1 Corrupt 1 | . . . . . 1 . . . . . . . . . . . . . . . . . . . Detonate 2 | . . . . . . . . . . . . . . . . . . . . . . 2 . . Melee Attacks 5 | . . . . . . . . . . . . . . . . . . . . . . 1 . 4 Impact 1 | . . . . . . . . . . . . . . . . . . . . . . 1 . . Slashing . | . . . . . . . . . . . . . . . . . . . . . . . . . Piercing 4 | . . . . . . . . . . . . . . . . . . . . . . . . 4 Sneak Attacks . | . . . . . . . . . . . . . . . . . . . . . . . . . Combat Hostiles . | . . . . . . . . . . . . . . . . . . . . . . . . . Follow-up Attacks . | . . . . . . . . . . . . . . . . . . . . . . . . . Damage Inflicted 23502 | . 297 104 . . 1985 419 1142 2127 1352 2588 1253 . 282 251 . 140 794 . 9 64 138 4841 1356 4360 Guns 10602 | . 297 104 . . 748 157 352 1570 1059 706 501 . 23 251 . 74 215 . . 64 128 763 1093 2497 Cannons 3869 | . . . . . 1181 262 790 549 289 539 235 . 24 . . . . . . . . . . . Explosions 8916 | . . . . . 56 . . . . 1343 517 . 235 . . 66 579 . . . . 4078 263 1779 Melee . | . . . . . . . . . . . . . . . . . . . . . . . . . Ramming 115 | . . . . . . . . 8 4 . . . . . . . . . 9 . 10 . . 84 Kinetic 7487 | . 297 55 . . 1271 305 743 1778 1059 158 104 . . 60 . . . . . . . . 382 1275 Thermal 6258 | . . 49 . . 469 114 399 341 289 869 573 . 47 191 . 74 215 . . 64 128 533 711 1192 Explosive 4664 | . . . . . . . . . . 1343 517 . 235 . . 66 579 . . . . 272 263 1389 Electromagnetic 942 | . . . . . 245 . . . . 218 59 . . . . . . . . . . . . 420 Impact . | . . . . . . . . . . . . . . . . . . . . . . . . . Slashing . | . . . . . . . . . . . . . . . . . . . . . . . . . Piercing . | . . . . . . . . . . . . . . . . . . . . . . . . . Entropic 4036 | . . . . . . . . . . . . . . . . . . . . . . 4036 . . Highest Corruption 24 | . . . . . 3 . . . 3 4 4 4 4 4 9 10 11 11 11 . . 3 24 20 Average Corruption 5 | . . . . . 3 . . . 2 3 4 4 4 4 6 9 10 11 11 . . 2 14 9 Corruption Purged . | . . . . . . . . . . . . . . . . . . . . . . . . . Corruption Blocked . | . . . . . . . . . . . . . . . . . . . . . . . . . Effects 88 | . . . . . . . . . 1 16 10 6 3 3 . 6 14 4 1 . . 4 1 19 Message Errors 27 | . . . . . . . . . 1 5 2 2 1 1 . 3 4 1 . . . 1 1 5 Matter Fused 16 | . . . . . . . . . . 6 2 1 . . . 1 3 1 . . . . . 2 Heat Flow Errors 11 | . . . . . . . . . . 2 1 1 . . . 1 2 . 1 . . 1 . 2 Energy Discharges 7 | . . . . . . . . . . 1 . 1 1 . . . 2 1 . . . . . 1 Parts Rejected 3 | . . . . . . . . . . . . . . . . 1 . . . . . 1 . 1 Data Loss (minor) 6 | . . . . . . . . . . . 1 1 1 . . . 1 . . . . . . 2 Data Loss (major) 3 | . . . . . . . . . . 1 . . . 1 . . . . . . . 1 . . Misfires 2 | . . . . . . . . . . 1 . . . 1 . . . . . . . . . . Alerts 3 | . . . . . . . . . . . 2 . . . . . . . . . . . . 1 Misdirections 5 | . . . . . . . . . . . . . . . . . 1 1 . . . . . 3 Weapon Failures 5 | . . . . . . . . . . . 2 . . . . . 1 . . . . . . 2 Overload Shots . | . . . . . . . . . . . . . . . . . . . . . . . . . Overflow Damage 482 | . . . . . . . . . . 31 . . 7 . . . 108 . . . . 142 . 194 Projectiles . | . . . . . . . . . . . . . . . . . . . . . . . . . Explosions 476 | . . . . . . . . . . 31 . . 7 . . . 108 . . . . 142 . 188 Melee 6 | . . . . . . . . . . . . . . . . . . . . . . . . 6 Knockbacks 37 | . . . . . 16 4 9 6 1 . . . . . . . . . . . . . . 1 Impact 3 | . . . . . . . . 1 1 . . . . . . . . . . . . . . 1 Kinetic 34 | . . . . . 16 4 9 5 . . . . . . . . . . . . . . . . Secondary . | . . . . . . . . . . . . . . . . . . . . . . . . . Self-Inflicted Damage 516 | . . . . . . . . . . 93 83 . . . . 77 . . 4 . 5 131 16 107 Shots 16 | . . . . . . . . . . 4 4 . . . . 4 . . . . . 2 1 1 Rammed 10 | . . . . . . . . . 2 . . . . . . . . . 1 . 1 . . 6 Targets Rammed 13 | . . . . . . . . 1 2 . . . . . . . . . 1 . 1 . . 8 Kicked 2 | . . . . . . . . . . . . . . . . . . . . . . . . 2 Crushed 1 | . . . . . . . . 1 . . . . . . . . . . . . . . . . Highest Temperature 328 | . 19 120 . . 286 78 116 175 328 247 146 141 21 . . . 253 . 86 . 42 247 237 238 Average Temperature 69 | . 8 61 . . 73 39 37 60 91 87 52 74 11 . . . 85 . 47 . 22 103 102 46 Received Heat Transfer 1840 | . 156 . . . 225 99 198 319 109 81 42 . 21 . . 100 18 . 33 . 18 199 . 222 Effects 4 | . . . . . 3 . . . 1 . . . . . . . . . . . . . . . Energy Bleed 2 | . . . . . 2 . . . . . . . . . . . . . . . . . . . Interference 2 | . . . . . 1 . . . 1 . . . . . . . . . . . . . . . Siege Activations . | . . . . . . . . . . . . . . . . . . . . . . . . . Robots Corrupted . | . . . . . . . . . . . . . . . . . . . . . . . . . Combat Hostiles . | . . . . . . . . . . . . . . . . . . . . . . . . . Parts Fried 5 | . . . . . 4 . . . . . . . . . . . . . . . . . . 1 Impact Corruptions 1 | . . . . . . . . . . . . . . . . . . . . . . . . 1 Robots Melted 4 | . . . . . 1 . 1 . . 1 1 . . . . . . . . . . . . . Combat Hostiles 4 | . . . . . 1 . 1 . . 1 1 . . . . . . . . . . . . . Parts Melted 23 | . . . . . 1 . 4 . 2 5 5 . . 1 . . 1 . . . 1 2 1 . Heat Transferred 9614 | . . 222 . . 901 185 629 555 444 1323 1181 . 87 348 . 124 259 . . 185 185 803 814 1369 Parts Sabotaged . | . . . . . . . . . . . . . . . . . . . . . . . . . Parts Stolen . | . . . . . . . . . . . . . . . . . . . . . . . . . Parts Stripped . | . . . . . . . . . . . . . . . . . . . . . . . . . Power Chain Reactions 1 | . . . . . 1 . . . . . . . . . . . . . . . . . . . Alert | -11 -10 -10 -10 -9 -8 -7 -7 -6 -5 -5 -5 -5 -4 -4 -4 -4 -4 -4 -4 -3 -3 -3 -2 -1 ------- Run | Yrd Mat Min Exi Min Mat Fac Sto Fac Fac Upp Upp Zhi Pro Fac Was Fac Upp Upp War Pro Res Arm Res Acc Peak Influence 1373 | . 217 144 . . 341 281 341 343 236 . . . . 130 60 180 . . . . 237 1373 809 988 Initial 720 | . . 84 . . . 154 43 86 102 . . . . 91 45 42 . . . . 27 123 720 196 Average 277 | . 91 134 . . 122 178 189 228 137 . . . . 112 52 115 . . . . 103 732 486 520 Maximum Alert Level 4 | . 1 . . . 1 1 1 1 1 . . . . . . . . . . . 1 4 3 3 Low Security (%) 47 | 100 84 100 . 100 81 46 56 37 78 . . . . 100 100 100 . . . . 86 8 . 5 Level 1 31 | . 15 . . . 18 53 43 62 21 . . . . . . . . . . . 13 19 41 40 Level 2 10 | . . . . . . . . . . . . . . . . . . . . . . 37 34 16 Level 3 8 | . . . . . . . . . . . . . . . . . . . . . . 7 24 37 Level 4 1 | . . . . . . . . . . . . . . . . . . . . . . 27 . . Level 5 . | . . . . . . . . . . . . . . . . . . . . . . . . . High Security . | . . . . . . . . . . . . . . . . . . . . . . . . . Max Security . | . . . . . . . . . . . . . . . . . . . . . . . . . Squads Dispatched 31 | . 1 . . . 4 2 . 3 1 . . . . 2 . 1 . . . . 2 6 . 9 Investigation 3 | . . . . . 1 1 . . . . . . . 1 . . . . . . . . . . Extermination 6 | . . . . . . . . 1 1 . . . . . . . . . . . 1 1 . 2 Reinforcement 13 | . 1 . . . 1 1 . 2 . . . . . 1 . 1 . . . . 1 2 . 3 Assault 4 | . . . . . . . . . . . . . . . . . . . . . . 3 . 1 Garrison 5 | . . . . . 2 . . . . . . . . . . . . . . . . . . 3 Intercept . | . . . . . . . . . . . . . . . . . . . . . . . . . Searches Triggered . | . . . . . . . . . . . . . . . . . . . . . . . . . Construction Impeded 2 | . . . . . . . . . . . . . . . . . . . . . . . . 2 Haulers Reinforced 1 | . . . . . . . . . . . . . . . . . . . . . . . . 1 Active Scanning Responses . | . . . . . . . . . . . . . . . . . . . . . . . . . Cargo Convoy Interrupts . | . . . . . . . . . . . . . . . . . . . . . . . . . Stealth | -11 -10 -10 -10 -9 -8 -7 -7 -6 -5 -5 -5 -5 -4 -4 -4 -4 -4 -4 -4 -3 -3 -3 -2 -1 --------- Run | Yrd Mat Min Exi Min Mat Fac Sto Fac Fac Upp Upp Zhi Pro Fac Was Fac Upp Upp War Pro Res Arm Res Acc Distress Signals 21 | . 2 . . . 4 . 2 . 2 . . . . . . 1 . . . . . 2 6 2 Communications Jammed . | . . . . . . . . . . . . . . . . . . . . . . . . . Distress Signals . | . . . . . . . . . . . . . . . . . . . . . . . . . Times Spotted 349 | . 8 3 . . 35 5 13 21 16 21 10 . 12 4 6 10 13 . 16 5 12 61 27 51 Peak Tracking Total 21 | . 5 3 . . 3 2 5 4 4 6 4 . 12 2 6 5 5 . 8 3 5 21 6 16 Tactical Retreats 36 | . 1 . . . 6 . . 1 . . . . 1 . . 3 2 . 2 2 3 4 3 8 Traps | -11 -10 -10 -10 -9 -8 -7 -7 -6 -5 -5 -5 -5 -4 -4 -4 -4 -4 -4 -4 -3 -3 -3 -2 -1 ------- Run | Yrd Mat Min Exi Min Mat Fac Sto Fac Fac Upp Upp Zhi Pro Fac Was Fac Upp Upp War Pro Res Arm Res Acc Traps Triggered 8 | . . . . . . 1 1 . . . . . . 1 . . . . . . . 3 1 1 Indirectly . | . . . . . . . . . . . . . . . . . . . . . . . . . Trap Hack Attempts . | . . . . . . . . . . . . . . . . . . . . . . . . . Triggered . | . . . . . . . . . . . . . . . . . . . . . . . . . Disarmed . | . . . . . . . . . . . . . . . . . . . . . . . . . Reprogrammed . | . . . . . . . . . . . . . . . . . . . . . . . . . Reused 2 | . . . . . 2 . . . . . . . . . . . . . . . . . . . Traps Reconfigurated 4 | . . . . . . . 3 . . . . . . . . . . . . . . . . 1 Traps Extracted . | . . . . . . . . . . . . . . . . . . . . . . . . . Installed 2 | . . . . . 2 . . . . . . . . . . . . . . . . . . . Triggered 13 | . . . . . 2 . . . . . . . . . . . . . 10 1 . . . . Most Traps Carried 3 | . . 3 3 2 2 . . . . . . . . . . . . . . . . . . . Machines | -11 -10 -10 -10 -9 -8 -7 -7 -6 -5 -5 -5 -5 -4 -4 -4 -4 -4 -4 -4 -3 -3 -3 -2 -1 ---------- Run | Yrd Mat Min Exi Min Mat Fac Sto Fac Fac Upp Upp Zhi Pro Fac Was Fac Upp Upp War Pro Res Arm Res Acc Machines Disabled 23 | . . . . . 2 . 2 2 . 1 . . . . . . . . . 1 . 11 1 3 Max in Single Turn 2 | . . . . . 1 . 1 1 . 1 . . . . . . . . . 1 . 2 1 2 Garrison Access 2 | . . . . . . . . . . . . . . . . . . . . . . . 2 . Machines Repaired . | . . . . . . . . . . . . . . . . . . . . . . . . . Machines Dismantled . | . . . . . . . . . . . . . . . . . . . . . . . . . Machines Sabotaged . | . . . . . . . . . . . . . . . . . . . . . . . . . Overloaded Fab Kills . | . . . . . . . . . . . . . . . . . . . . . . . . . Hacking | -11 -10 -10 -10 -9 -8 -7 -7 -6 -5 -5 -5 -5 -4 -4 -4 -4 -4 -4 -4 -3 -3 -3 -2 -1 --------- Run | Yrd Mat Min Exi Min Mat Fac Sto Fac Fac Upp Upp Zhi Pro Fac Was Fac Upp Upp War Pro Res Arm Res Acc Machines Accessed 60 | . 1 . 1 . 7 4 6 2 1 . . 6 . 3 . 1 . . 7 . 6 12 1 2 Terminals 33 | . 1 . . . 7 2 6 1 . . . . . 1 . 1 . . . . 6 6 1 1 Fabricators 10 | . . . . . . 1 . 1 1 . . . . 1 . . . . . . . 5 . 1 Repair Stations . | . . . . . . . . . . . . . . . . . . . . . . . . . Recycling Units 2 | . . . . . . . . . . . . . . 1 . . . . . . . 1 . . Scanalyzers . | . . . . . . . . . . . . . . . . . . . . . . . . . Garrison Access 1 | . . . . . . 1 . . . . . . . . . . . . . . . . . . Total Hacks 143 | . 3 . 1 . 29 7 10 2 2 . . 18 . 8 . 2 . . 13 . 11 28 5 4 Successful 97 | . 2 . 1 . 16 2 4 1 . . . 18 . 6 . 2 . . 13 . 7 19 3 3 Failed 45 | . 1 . . . 13 5 6 1 2 . . . . 2 . . . . . . 3 9 2 1 Catastrophic 11 | . 1 . . . 2 2 3 . 1 . . . . . . . . . . . . 1 1 . Database Lockouts 1 | . . . . . . . . . . . . . . . . . . . . . 1 . . . Manual 78 | . 2 . 1 . 28 5 7 2 2 . . . . 3 . 2 . . . . 6 15 3 2 Terminals 88 | . 3 . . . 29 5 10 1 . . . . . 2 . 2 . . . . 11 17 5 3 Fabricators 16 | . . . . . . 1 . 1 2 . . . . 3 . . . . . . . 8 . 1 Repair Stations . | . . . . . . . . . . . . . . . . . . . . . . . . . Recycling Units 6 | . . . . . . . . . . . . . . 3 . . . . . . . 3 . . Scanalyzers . | . . . . . . . . . . . . . . . . . . . . . . . . . Garrison Access 1 | . . . . . . 1 . . . . . . . . . . . . . . . . . . Terminal Hacks 64 | . 1 . 1 . 7 . 3 . . . . 18 . 1 . 1 . . 13 . 7 9 2 1 Record 24 | . . . . . . . . . . . . 7 . 1 . . . . 11 . 3 2 . . Part Schematic 4 | . . . . . . . . . . . . 4 . . . . . . . . . . . . Robot Analysis 5 | . 1 . . . . . . . . . . 3 . . . . . . . . 1 . . . Prototype ID Bank 4 | . . . . . . . . . . . . 4 . . . . . . . . . . . . Open Door 6 | . . . . . . . 3 . . . . . . . . . . . 2 . . 1 . . Open DSF 1 | . . . . . . . . . . . . . . . . . . . . . 1 . . . Level Access Points 2 | . . . . . 1 . . . . . . . . . . . . . . . . . 1 . Branch Access Points 6 | . . . . . 2 . . . . . . . . . . 1 . . . . 1 1 . 1 Emergency Access Points 1 | . . . . . . . . . . . . . . . . . . . . . . 1 . . Terminal Index 2 | . . . . . 1 . . . . . . . . . . . . . . . . 1 . . Unreport Threat 2 | . . . . . 2 . . . . . . . . . . . . . . . . . . . Locate Traps 1 | . . . . . . . . . . . . . . . . . . . . . 1 . . . Recall Investigation 1 | . . . . . . . . . . . . . . . . . . . . . . 1 . . Recall Extermination 1 | . . . . . . . . . . . . . . . . . . . . . . 1 . . Hauler Manifests 2 | . . . . . 1 . . . . . . . . . . . . . . . . . 1 . Zone Layout 1 | . . . . . . . . . . . . . . . . . . . . . . 1 . . Derelict Proto ID Bank 1 | . . . 1 . . . . . . . . . . . . . . . . . . . . . Fabricator Hacks 2 | . . . . . . . . . . . . . . 2 . . . . . . . . . . Load Schematic 1 | . . . . . . . . . . . . . . 1 . . . . . . . . . . Build 1 | . . . . . . . . . . . . . . 1 . . . . . . . . . . Repair Station Hacks . | . . . . . . . . . . . . . . . . . . . . . . . . . Recycling Unit Hacks 2 | . . . . . . . . . . . . . . 1 . . . . . . . 1 . . Report Inventory 2 | . . . . . . . . . . . . . . 1 . . . . . . . 1 . . Scanalyzer . | . . . . . . . . . . . . . . . . . . . . . . . . . Garrison Access Hacks . | . . . . . . . . . . . . . . . . . . . . . . . . . Unauthorized Hacks 29 | . 1 . . . 9 2 1 1 . . . . . 2 . 1 . . . . . 9 1 2 Terminals 17 | . 1 . . . 9 1 1 . . . . . . . . 1 . . . . . 2 1 1 Assimilate 1 | . . . . . 1 . . . . . . . . . . . . . . . . . . . Botnet 15 | . 1 . . . 7 1 1 . . . . . . . . 1 . . . . . 2 1 1 Operators 1 | . . . . . 1 . . . . . . . . . . . . . . . . . . . Fabricators 9 | . . . . . . 1 . 1 . . . . . 1 . . . . . . . 5 . 1 Fabnet 9 | . . . . . . 1 . 1 . . . . . 1 . . . . . . . 5 . 1 Repair Stations . | . . . . . . . . . . . . . . . . . . . . . . . . . Recycling Units 3 | . . . . . . . . . . . . . . 1 . . . . . . . 2 . . Monitor 1 | . . . . . . . . . . . . . . . . . . . . . . 1 . . Recyclers 2 | . . . . . . . . . . . . . . 1 . . . . . . . 1 . . Scanalyzers . | . . . . . . . . . . . . . . . . . . . . . . . . . Garrison Access . | . . . . . . . . . . . . . . . . . . . . . . . . . Data Cores Recovered 3 | . . . . . . . . . . . . . . . . . . . . . 2 1 . . Used 1 | . . . . . . . . . . . . . . . . . . . . . 1 . . . Hacking Detections 33 | . 1 . . . 7 3 4 1 1 . . . . 3 . 1 . . . . 5 5 1 1 Full Trace Events 2 | . . . . . 1 . . . . . . . . 1 . . . . . . . . . . Feedback Events . | . . . . . . . . . . . . . . . . . . . . . . . . . Feedback Blocked . | . . . . . . . . . . . . . . . . . . . . . . . . . Robot Schematics Acquired . | . . . . . . . . . . . . . . . . . . . . . . . . . Robots Built . | . . . . . . . . . . . . . . . . . . . . . . . . . Authchips . | . . . . . . . . . . . . . . . . . . . . . . . . . Time . | . . . . . . . . . . . . . . . . . . . . . . . . . Total Robot Build Rating . | . . . . . . . . . . . . . . . . . . . . . . . . . Part Schematics Acquired 4 | . . . . . . . . . . . . 4 . . . . . . . . . . . . Parts Built . | . . . . . . . . . . . . . . . . . . . . . . . . . Authchips . | . . . . . . . . . . . . . . . . . . . . . . . . . Time 169 | . . . . . . . . . . . . . . 169 . . . . . . . . . . Total Part Build Rating . | . . . . . . . . . . . . . . . . . . . . . . . . . Parts Repaired . | . . . . . . . . . . . . . . . . . . . . . . . . . Time . | . . . . . . . . . . . . . . . . . . . . . . . . . Parts Recycled . | . . . . . . . . . . . . . . . . . . . . . . . . . Recycled Matter . | . . . . . . . . . . . . . . . . . . . . . . . . . Retrieved Matter . | . . . . . . . . . . . . . . . . . . . . . . . . . Retrieved Components . | . . . . . . . . . . . . . . . . . . . . . . . . . Parts Scanalyzed . | . . . . . . . . . . . . . . . . . . . . . . . . . Part Schematics Acquired . | . . . . . . . . . . . . . . . . . . . . . . . . . Parts Damaged . | . . . . . . . . . . . . . . . . . . . . . . . . . Bothacking | -11 -10 -10 -10 -9 -8 -7 -7 -6 -5 -5 -5 -5 -4 -4 -4 -4 -4 -4 -4 -3 -3 -3 -2 -1 ------------ Run | Yrd Mat Min Exi Min Mat Fac Sto Fac Fac Upp Upp Zhi Pro Fac Was Fac Upp Upp War Pro Res Arm Res Acc Used RIF Installer . | . . . . . . . . . . . . . . . . . . . . . . . . . Robots Hacked 37 | . . . . . . . . . 2 . 1 . . . . . . . . . . . 32 2 Non-combat . | . . . . . . . . . . . . . . . . . . . . . . . . . Combat 37 | . . . . . . . . . 2 . 1 . . . . . . . . . . . 32 2 Robot Hacks Applied . | . . . . . . . . . . . . . . . . . . . . . . . . . Relay Couplers Released 5 | . . . . . . . 3 . . . . . . . . . . . . . . . 2 . Machine Destruction 2 | . . . . . . . . . . . . . . . . . . . . . . . 2 . Programmers 3 | . . . . . . . 3 . . . . . . . . . . . . . . . . . Fabnet Peak Effective % 15 | . . . . . . . . 3 4 4 4 4 1 1 1 1 1 1 1 3 3 3 15 5 Autooverrided 37 | . . . . . . . . . 2 . 1 . . . . . . . . . . . 32 2 Robots Rewired 9 | . . . . . . . . . . . . . . . . . . . 5 . . 4 . . Allies Hacked 1 | . . . . . . . . . . . . . . . . . . . . . . . 1 . Hacks Repelled . | . . . . . . . . . . . . . . . . . . . . . . . . . Allies | -11 -10 -10 -10 -9 -8 -7 -7 -6 -5 -5 -5 -5 -4 -4 -4 -4 -4 -4 -4 -3 -3 -3 -2 -1 -------- Run | Yrd Mat Min Exi Min Mat Fac Sto Fac Fac Upp Upp Zhi Pro Fac Was Fac Upp Upp War Pro Res Arm Res Acc Total Allies 46 | . . . . . . . . . 2 . 1 . . . . . . . 5 . . 4 32 2 Largest Group 5 | . . . . . . . . . 1 . 1 . . . . . . . 5 . . 4 3 1 Highest-Rated Group 276 | . . . . . . . . . 54 . 12 . . . . . . . 276 . . 188 255 82 Highest-Rated Ally 148 | . . . . . . . . . 54 . 12 . . . . . . . 65 . . 47 148 82 Total Orders . | . . . . . . . . . . . . . . . . . . . . . . . . . Ally Attacks 111 | . . . . . . . . . 2 . 2 . . . . . . . . . . 22 78 7 Total Damage 2749 | . . . . . . . . . 109 . 15 . . . . . . . . . . 612 1850 163 Kills 6 | . . . . . . . . . 1 . . . . . . . . . . . . 1 4 . Allies Corrupted . | . . . . . . . . . . . . . . . . . . . . . . . . . Allies Melted . | . . . . . . . . . . . . . . . . . . . . . . . . . Intel | -11 -10 -10 -10 -9 -8 -7 -7 -6 -5 -5 -5 -5 -4 -4 -4 -4 -4 -4 -4 -3 -3 -3 -2 -1 ------- Run | Yrd Mat Min Exi Min Mat Fac Sto Fac Fac Upp Upp Zhi Pro Fac Was Fac Upp Upp War Pro Res Arm Res Acc Robot Analysis Total 5 | . 1 . . . . . . . . . . 3 . . . . . . . . 1 . . . Derelict Logs Recovered 10 | . . 1 . 1 . . . . . 2 . . 3 . . . 2 1 . . . . . . Drone Launches . | . . . . . . . . . . . . . . . . . . . . . . . . . Drone Recoveries . | . . . . . . . . . . . . . . . . . . . . . . . . . Exploration | -11 -10 -10 -10 -9 -8 -7 -7 -6 -5 -5 -5 -5 -4 -4 -4 -4 -4 -4 -4 -3 -3 -3 -2 -1 ------------- Run | Yrd Mat Min Exi Min Mat Fac Sto Fac Fac Upp Upp Zhi Pro Fac Was Fac Upp Upp War Pro Res Arm Res Acc Turns Passed 10907 | 57 201 339 298 69 1180 504 451 876 930 936 410 287 84 123 25 137 281 79 427 130 362 339 1624 758 Spaces Moved 10018 | 43 85 250 248 58 582 277 198 381 358 503 206 213 262 291 90 247 477 241 878 288 919 731 1538 654 Core 216 | 14 . . . . . . . . . . . 2 . . . . . . 58 . . . . 142 Treads 2256 | . . . . . 214 277 198 381 358 503 206 119 . . . . . . . . . . . . Legs 2900 | 29 85 250 248 58 368 . . . . . . . . . . 1 53 . . . . . 1296 512 Wheels . | . . . . . . . . . . . . . . . . . . . . . . . . . Hover 124 | . . . . . . . . . . . . . . . . . . . . . 124 . . . Flight 4522 | . . . . . . . . . . . . 92 262 291 90 246 424 241 820 288 795 731 242 . Fastest Speed 17 | 50 120 120 120 120 120 166 163 163 166 166 170 29 20 26 26 17 29 32 29 30 27 23 26 50 Average Speed 89 | 109 120 120 120 120 135 166 164 172 222 169 170 118 28 28 26 42 50 32 42 34 33 28 95 90 Slowest Speed 800 | 200 120 120 120 120 166 166 166 246 250 170 170 800 29 355 26 120 127 32 200 107 60 107 120 120 Overloaded Moves 279 | . . . . . . . . . . . . . 26 . . 29 82 . 33 49 14 46 . . Propulsion Burnouts . | . . . . . . . . . . . . . . . . . . . . . . . . . Robots Hopped 18 | . . . . . . . . . . . . . 3 . . 1 1 . 4 . 4 5 . . Cave-ins Triggered . | . . . . . . . . . . . . . . . . . . . . . . . . . Teleports 1 | . . . . . . . . . . . . 1 . . . . . . . . . . . . Exploration Rate (%) 39 | 4 22 49 61 19 61 7 41 9 12 66 44 62 59 10 64 8 60 46 96 45 30 62 34 24 Regions Visited 24 Branch Regions 13 Pre-discovered Areas 7 | . . . . 2 . . . . . . . 3 . . . . 1 . 1 . . . . . Known Exits Taken 12 | . 1 1 1 1 1 1 1 . . . . . 1 . . 1 . . . 1 1 . 1 . Unknown Exits Taken 10 | 1 . . . . . . . 1 1 1 1 1 . . . . 1 1 1 . . 1 . . Scrap Searched 9 | . . 1 . . . . . . . 1 1 . 1 . . . 3 2 . . . . . . Spaces Dug 85 | . . . . . . . . . . . . . . . . 62 . . . 1 . 1 19 2 Terrain Destroyed 747 | . . . . . 8 . 1 6 11 117 100 . 14 . . 62 27 . . 2 . 244 60 95 Melee 2 | . . . . . . . . . . . . . . . . . . . . . . . . 2 Projectile 65 | . . . . . 4 . 1 6 9 6 5 . . . . 2 . . . 2 . 20 6 4 AOE 677 | . . . . . 4 . . . . 111 95 . 14 . . 60 27 . . . . 224 54 88 Terrain Rammed . | . . . . . . . . . . . . . . . . . . . . . . . . . Walls Destroyed . | . . . . . . . . . . . . . . . . . . . . . . . . . Machines Disabled . | . . . . . . . . . . . . . . . . . . . . . . . . . Actions | -11 -10 -10 -10 -9 -8 -7 -7 -6 -5 -5 -5 -5 -4 -4 -4 -4 -4 -4 -4 -3 -3 -3 -2 -1 --------- Run | Yrd Mat Min Exi Min Mat Fac Sto Fac Fac Upp Upp Zhi Pro Fac Was Fac Upp Upp War Pro Res Arm Res Acc Total 11152 | 50 135 273 249 57 826 301 268 498 427 531 225 252 263 317 91 269 506 241 926 305 954 805 1648 735 Wait 216 | . 13 . . . 81 15 23 34 15 . . . . 1 . 1 . . 14 . 3 7 . 9 Move 9963 | 42 84 249 247 57 581 276 197 380 357 502 205 212 255 291 89 244 474 240 871 287 910 722 1537 654 Hop 14 | . . . . . . . . . . . . . 3 . . 1 1 . 2 . 4 3 . . Pick Up 114 | 2 4 4 1 . 27 . 9 6 11 1 . 9 1 3 1 3 1 . 1 . 3 3 15 9 Fast Attach 109 | 6 1 1 . . 6 . 1 9 3 1 1 3 1 4 . 3 4 1 3 1 16 8 31 5 Attach 67 | . . 1 . . 13 2 2 3 5 1 2 7 1 1 . 5 4 . . 2 2 6 1 9 Detach 21 | . . . . . 1 . 1 . . . . 1 . 1 . 4 5 . 3 2 . 2 1 . Swap 66 | . 4 3 . . 16 . 5 9 . 2 . 4 . 1 . 1 1 . . . 1 3 14 2 Drop 143 | . 2 5 1 . 24 . 7 13 8 . 1 16 . 6 1 3 4 . 5 . 8 . 34 5 Fire 370 | . 27 10 . . 75 8 23 43 25 24 16 . 2 9 . 4 12 . . 13 6 28 15 30 Melee 5 | . . . . . . . . . . . . . . . . . . . . . . 1 . 4 Ram 8 | . . . . . . . . . . . . . . . . . . . 1 . 1 . . 6 Kick 2 | . . . . . . . . . . . . . . . . . . . . . . . . 2 Crush 3 | . . . . . . . . 1 2 . . . . . . . . . . . . . . . Escape Stasis 3 | . . . . . . . . . . . . . . . . . . . . . . 3 . . Rewire 46 | . . . . . . . . . 1 . . . . . . . . . 26 . . 19 . . Trap 2 | . . . . . 2 . . . . . . . . . . . . . . . . . . . Miscellaneous . | . . . . . . . . . . . . . . . . . . . . . . . . . Route ------- -11/Scrapyard -10/Materials -10/Mines (discovered 2 exits: *Mat / *Exi) -10/Exiles -9/Mines -8/Materials (discovered 3 exits: *Fac x3) -7/Factory -7/Storage -6/Factory -5/Factory -5/Upper Caves -5/Upper Caves -5/Zhirov -4/Proximity Caves -4/Factory -4/Waste -4/Factory (discovered 2 exits: *Upp x2) -4/Upper Caves -4/Upper Caves (discovered 2 exits: Res / *War) -4/Warlord -3/Proximity Caves -3/Research (discovered 3 exits: *Arm / *Qua x2) -3/Armory -2/Research (discovered 4 exits: *Acc x3 / Tes) -1/Access (discovered 1 exit: Com) History --------- Turn | Location | Event 27 | -11/Scrapyard | Discovered new exit (range 13) 58 | -11/Scrapyard | Entered Materials 150 | -10/Materials | Discovered new exit (range 10) 258 | -10/Materials | Identified exit to Mines 259 | -10/Materials | Entered Mines 316 | -10/Mines | Build established: Mutant 441 | -10/Mines | Found a hidden stash of uninstalled traps 465 | -10/Mines | Learned 4 Materials zone layouts 530 | -10/Mines | Discovered new exit (range 15) 560 | -10/Mines | Identified exit to Materials 569 | -10/Mines | Deemed a non-threat by the Exiles lab entrance 569 | -10/Mines | Discovered new exit (range 5) 597 | -10/Mines | Identified exit to Exiles 598 | -10/Mines | Entered Exiles 627 | -10/Exiles | Met 8R-AWN 648 | -10/Exiles | Met EX-HEX 682 | -10/Exiles | Met EX-BIN 747 | -10/Exiles | Aligned with FarCom system 748 | -10/Exiles | Given EX-Vault access code 776 | -10/Exiles | Opened EX-Vault 785 | -10/Exiles | Found Trap Reconfigurator 808 | -10/Exiles | Warned to stay clear of 0b10 Research branches 841 | -10/Exiles | Met EX-DEC 886 | -10/Exiles | Discovered new exit (range 10) 895 | -10/Exiles | Identified exit to Mines 896 | -10/Exiles | Left Exiles lab with Trap Reconfigurator 896 | -10/Exiles | Entered Mines 926 | -9/Mines | Learned location of Zion (-7) 934 | -9/Mines | Discovered new exit (range 11) 939 | -9/Mines | Learned location of Storage (-7) 961 | -9/Mines | Identified exit to Materials 965 | -9/Mines | Entered Materials 965 | -8/Materials | Evolved 4 slots: Propulsion x1, Utility x2, Weapon x1 1326 | -8/Materials | Lost 8 parts (1p2n1u4w) 1784 | -8/Materials | Build established: Skirmisher 1928 | -8/Materials | Identified exit to Factory 1962 | -8/Materials | Garrison activated, responded to threat 2088 | -8/Materials | Garrison activated, responded to threat 2143 | -8/Materials | Build established: Scavenger-Skirmisher 2145 | -8/Materials | Entered Factory 2145 | -7/Factory | Evolved 2 slots: Utility x1, Weapon x1 2291 | -7/Factory | Discovered new exit (range 16) 2321 | -7/Factory | Identified exit to Storage 2649 | -7/Factory | Entered Storage 2746 | -7/Storage | Found Prototype Launcher 2747 | -7/Storage | Identified Rocket Array 2751 | -7/Storage | Found Rocket Array 3031 | -7/Storage | Discovered new exit (range 16) 3098 | -7/Storage | Identified exit to Factory 3100 | -7/Storage | Entered Factory 3100 | -6/Factory | Evolved 2 slots: Utility x2 3834 | -6/Factory | Discovered new exit (range 16) 3839 | -6/Factory | Lost 5 parts (1p1n2u1w) 3842 | -6/Factory | Build established: Scavenger-Gunner 3976 | -6/Factory | Entered another Factory area 3976 | -5/Factory | Evolved 2 slots: Utility x1, Weapon x1 4463 | -5/Factory | Local machine network offline 4594 | -5/Factory | Lost 3 parts (1u2w) 4898 | -5/Factory | Discovered new exit (range 6) 4906 | -5/Factory | Entered Upper Caves 4955 | -5/Upper Caves | Learned Factory terminal intel 5235 | -5/Upper Caves | Attracted the attention of an 0b10 base 5264 | -5/Upper Caves | Destroyed 7 combat bots 5571 | -5/Upper Caves | Attracted the attention of an 0b10 checkpoint 5666 | -5/Upper Caves | Learned Factory terminal intel 5822 | -5/Upper Caves | Discovered new exit (range 13) 5842 | -5/Upper Caves | Entered another Upper Caves area 6077 | -5/Upper Caves | Spotted B-75 Beast 6084 | -5/Upper Caves | Destroyed B-75 Beast 6200 | -5/Upper Caves | Discovered new exit (range 11) 6201 | -5/Upper Caves | Attracted the attention of an 0b10 checkpoint 6252 | -5/Upper Caves | Entered Zhirov 6252 | -5/Zhirov | Discovered new exit (range 3) 6283 | -5/Zhirov | Met Zhirov 6320 | -5/Zhirov | Learned location of Quarantine (-3) 6320 | -5/Zhirov | Learned location of Testing (-2) 6320 | -5/Zhirov | Learned location of Command (-1) 6353 | -5/Zhirov | Zhirov requested help retrieving the SGEMP Prototype 6388 | -5/Zhirov | Found Alien Artifact 6423 | -5/Zhirov | Found Alien Artifact 6508 | -5/Zhirov | Identified Transdimensional Reconstructor 6508 | -5/Zhirov | Warped through subspace 6509 | -5/Zhirov | Identified Integrated Reactor 6509 | -5/Zhirov | Installed Integrated Reactor, increased core energy generation (+10) 6539 | -5/Zhirov | Entered Proximity Caves 6541 | -4/Proximity Caves | Learned Research emergency access door positions 6581 | -4/Proximity Caves | Identified exit to Factory 6623 | -4/Proximity Caves | Entered Factory 6623 | -4/Factory | Evolved 2 slots: Propulsion x2 6624 | -4/Factory | Loaded intel: 26 terminal locations 6746 | -4/Factory | Sucked down chute 6746 | -4/Factory | Entered Waste 6752 | -4/Waste | Found Fusion Bomb Launcher 6757 | -4/Waste | Spotted C-40 Crusher 6757 | -4/Waste | Spotted C-40 Crusher 6758 | -4/Waste | Spotted C-40 Crusher 6760 | -4/Waste | Spotted C-40 Crusher 6761 | -4/Waste | EMP discharged 6762 | -4/Waste | Spotted C-40 Crusher 6765 | -4/Waste | Spotted C-40 Crusher 6768 | -4/Waste | Discovered new exit (range 11) 6771 | -4/Waste | Entered Factory 6772 | -4/Factory | Loaded intel: 25 terminal locations 6860 | -4/Factory | Identified exit to Upper Caves 6906 | -4/Factory | System corruption reached 10% 6908 | -4/Factory | Entered Upper Caves 6935 | -4/Upper Caves | Learned Research terminal intel 6956 | -4/Upper Caves | Lost 3 parts (1p1n1w) 7077 | -4/Upper Caves | Build established: Hacker-Mutant 7136 | -4/Upper Caves | Attracted the attention of an 0b10 checkpoint 7178 | -4/Upper Caves | Discovered new exit (range 21) 7189 | -4/Upper Caves | Entered another Upper Caves area 7206 | -4/Upper Caves | Lost 5 parts (2n3u) 7249 | -4/Upper Caves | Identified exit to Research 7265 | -4/Upper Caves | Discovered new exit (range 11) 7268 | -4/Upper Caves | Entered Warlord 7291 | -4/Warlord | System corruption cleaned by Quarantine Array 7340 | -4/Warlord | Learned 4 Research zone layouts 7340 | -4/Warlord | Learned 4 Armory zone layouts 7340 | -4/Warlord | Learned Research recycling unit intel 7340 | -4/Warlord | Learned Armory scanalyzer intel 7440 | -4/Warlord | Met Warlord 7450 | -4/Warlord | Warlord's base attacked by MAIN.C 7452 | -4/Warlord | Build established: Hacker-Sprinter 7598 | -4/Warlord | Found Prototype Energy Gun 7598 | -4/Warlord | Identified Vortex Rail 7603 | -4/Warlord | Found Prototype Launcher 7603 | -4/Warlord | Identified Vortex Catalyst Activator 7666 | -4/Warlord | Opened side exit 7675 | -4/Warlord | Spotted B-90 Cyclops 7675 | -4/Warlord | Spotted B-86 Titan 7678 | -4/Warlord | Discovered new exit (range 12) 7695 | -4/Warlord | Entered Proximity Caves 7696 | -3/Proximity Caves | Acquired the password to a Derelict Tinkerer's latest research 7821 | -3/Proximity Caves | Discovered exit to Research (range 10) 7825 | -3/Proximity Caves | Entered Research 7825 | -3/Research | Evolved 2 slots: Propulsion x1, Utility x1 7828 | -3/Research | Loaded intel: 20 terminal locations 7829 | -3/Research | Loaded intel: 4 recycling unit locations 7833 | -3/Research | Lost 5 parts (2n3u) 7846 | -3/Research | Spotted B-86 Titan 7923 | -3/Research | Spotted B-86 Titan 7928 | -3/Research | Found Prototype Device 7928 | -3/Research | Identified Exp. Thermal Shield 8027 | -3/Research | Central database locked down 8128 | -3/Research | Identified exit to Armory 8128 | -3/Research | Identified exit to Quarantine 8187 | -3/Research | Entered Armory 8303 | -3/Armory | Build established: Wizard-Sprinter 8456 | -3/Armory | Destroyed 10 combat bots 8468 | -3/Armory | First assault squad dispatched 8478 | -3/Armory | Spotted Armor Guard 8478 | -3/Armory | Spotted Armor Guard 8482 | -3/Armory | Lost 8 parts (2n3u3w) 8485 | -3/Armory | Spotted Armor Guard 8485 | -3/Armory | Spotted Armor Guard 8489 | -3/Armory | Core integrity fell below 50% 8490 | -3/Armory | Breached Obliterator storage 8524 | -3/Armory | Discovered new exit (range 9) 8526 | -3/Armory | Entered Research 8526 | -2/Research | Warlord forces began assault on 0b10 8526 | -2/Research | Evolved 2 slots: Power x1, Utility x1 8527 | -2/Research | Identified exit to Access 8527 | -2/Research | Identified exit to Testing 8549 | -2/Research | Lost 4 parts (1p2n1w) 8575 | -2/Research | Local machine network offline 8596 | -2/Research | Met up with Warlord 9025 | -2/Research | Borebot progress halted 9045 | -2/Research | Borebot progress halted 9056 | -2/Research | Spotted Striker 9058 | -2/Research | Spotted Striker 9117 | -2/Research | Lost 5 allies 9206 | -2/Research | Borebot progress halted 9272 | -2/Research | Spotted Striker 9337 | -2/Research | Spotted Executioner 9344 | -2/Research | Build established: Scavenger-Gunner 9365 | -2/Research | Spotted Executioner 9376 | -2/Research | Lost 3 allies 9535 | -2/Research | Spotted Striker 9537 | -2/Research | Spotted Striker 9537 | -2/Research | Spotted Striker 9561 | -2/Research | Spotted Executioner 9582 | -2/Research | Destroyed Striker 9593 | -2/Research | Destroyed Executioner 9613 | -2/Research | Found Prototype Processor 9613 | -2/Research | Identified Exp. Targeting Computer 9836 | -2/Research | Warlord invited to help at Command 9923 | -2/Research | Spotted Executioner 9924 | -2/Research | Spotted Executioner 9949 | -2/Research | Lost 3 allies 10011 | -2/Research | Lost 3 allies 10061 | -2/Research | Met DD-05H 10139 | -2/Research | System corruption reached 10% 10150 | -2/Research | Entered Access 10150 | -1/Access | Evolved 2 slots: Utility x1, Weapon x1 10249 | -1/Access | Identified exit to Command 10389 | -1/Access | Found Prototype Processor 10390 | -1/Access | Identified Exp. Core Analyzer 10438 | -1/Access | Build established: Scavenger-Executioner 10449 | -1/Access | Garrison activated, responded to threat 10539 | -1/Access | Destroyed 9 combat bots 10676 | -1/Access | First assault squad dispatched 10747 | -1/Access | Spotted B-99 Colossus 10748 | -1/Access | Spotted B-99 Colossus 10764 | -1/Access | System corruption reached 10% 10829 | -1/Access | Core integrity fell below 50% 10874 | -1/Access | Core integrity fell below 20% 10904 | -1/Access | Lost 23 parts (3p5n10u5w) 10908 | -1/Access | Spotted B-99 Colossus 10908 | -1/Access | Destroyed by B-99 Colossus with Multirail Last Messages --------------- Penetrated by Slug. Slammed into S-43 Plague. Adv. Targeting Computer destroyed. AUWNBFJ &IYI:ZA System corrupted: Energy discharge (-31). Slug penetrates Wall. Penetrated by Slug. Map ----- +----------------------------------------------------+ | ?????# #????????????????? ???????????????????? | | ?????# #????????????????# #??????????????????? | | ?????# #????????????????# #??????????????????? | | ?????# #????????????????# #??????????????????? | | ?????# #????????????????# #??????????????????? | | ?????# #????????????????# #??????????????????? | | ?????# #????????????????# ##?????????????????? | | ?????# +????????????????# ??????????????????? | | ?????# #????????????????# #??????????????????? | | ?????# #????????????????# #??????????????????? | | ?????# #????????????????# #??????????????????? | | ?????# #????????????????# #?????###+###??????? | | ?????# #####+############ ####### #??????? | | ?????# h h #??????? | | ?????+ = n #??????? | | ?????# ] #??????? | | ?????######## ##########+########## #??????? | | ????????????# #???????# #??## ##??????? | | ????????????# #???????# ! #???# #???????? | | ????????????# #???????# #???# #???????? | | ????????????#"""######??# #???# +???????? | | ??????????? ?# ! #???# #???????? | | ????????????h? h # #???# #???????? | | ????????????????? BB# ##??# #???????? | | ????????????????????# BB; [;#??# #???????? | | ???????????????????????#;@p! #???#h ######### | | ???????????????????????####;##########h | | ??????????????????????????##p h Y / | | ????????????>??????????????# # | | ???????????????????????????# " ! # | | ???????????????????????????# """ # | | ???????????????????????????# """ # | | ???????????????????????????# " # | | ???????????????????????????# ########### | | ???????????????????????????# #??????????? | | ???????????????????????????###########???????????? | | ?????????????????????????????????????????????????? | | ?????????????????????????????????????????????????? | | ?????????????????????????????????????????????????? | | ?????????????????????????????????????????????????? | | ?????????????????????????????????????????????????? | | ?????????????????????????????????????????????????? | | ?????????????????????????????????????????????????? | | ?????????????????????????????????????????????????? | | ?????????????????????????????????????????????????? | | ?????????????????????????????????????????????????? | | ?????????????????????????????????????????????????? | | ?????????????????????????????????????????????????? | | ?????????????????????????????????????????????????? | | ?????????????????????????????????????????????????? | +----------------------------------------------------+ Best States ------------- Heat Dissipation 81 Energy Generation 59 Energy Capacity 600 Matter Stores 300 Matter Capacity 300 Sight Range 22 Terrain Scan Range 20 Terrain Scan Density 10 Cloak Strength 3 Base Temperature (-) 200 Corruption Block 20 Armor Coverage 975 Resistance: TH 30 Core Shielding 40 Power Shielding 66 Phase Shifting 15 Evasion (%) 84 Targeting Accuracy 28 Core Analysis 9 Armor Integrity Analysis 40 Recoil Reduction 3 Particle Charging 15 Offensive Hacking 62 Defensive Hacking 38 Item Schematics ----------------- Imp. Arc Thrower | -5/Zhirov | Free Exp. Optical Array | -5/Zhirov | Free Exp. Heat Sink | -5/Zhirov | Free Assault Drone Bay | -5/Zhirov | Free Robot Schematics ------------------ None Fabricated ------------ Nothing Alien Tech Used ----------------- Transdimensional Reconstructor Integrated Reactor Achievements -------------- All-out Warlord Origins Challenges ------------ None Game ------ Seed TowerPhysicsSaw Manual? 0 Play Time 02:38:51 Cumulative 80.9 hours Start 2025.03.03 @ 23:41:12 End 2025.03.04 @ 15:04:59 Sessions 3 Manual Loads 0 Difficulty Rogue Special Mode None Game No. 79 Rogue 79 Adventurer 0 Explorer 0 Win Type - Total 1 Types 1/0/0/0/0/0/0/0/0 Lore% 62 Gallery% 56 Achievement% 47 Wizard Run 0 Options --------- Layout 1 ASCII 0 Keyboard 0 Movement Mouse Keybinds 0 Fullscreen 2 Font 24/Smallcaps Map View 50x35 Zoom Use 0% Tactical HUD 0 Map Filters NONE Filters NONE Steam 1 RUN: 76cc6349-9bdd-422b-b025-563bdcf9d353